Capitals vs Ducks

Created - December 2 2006 at 16:20

Goals
1 2 3 T
Capitals 1 1 0 2
Ducks 1 0 0 1
Shots
1 2 3 T
Capitals 11 14 8 33
Ducks 16 10 8 34

Period #1

1. Capitals , Matt Pettinger 1 (Brian Sutherby, Shaone Morrisonn) at 5:34
2. Ducks , Samuel Pahlsson 1 (Rob Niedermayer, Travis Green) at 17:48

Penalities :
Adrian Aucoin (WSH) for Hooking (Minor) at 1:51, Brian Sutherby (WSH) for Charging (Minor) at 6:11, Ivan Majesky (WSH) for Hooking (Minor) at 14:34, Jason Marshall (ANA) for High sticking (Minor) at 19:47

Period #2

3. Capitals , Rene Bourque 1 (Richard Zednik, Eric Fehr) at 15:46

Penalities :
Ladislav Nagy (ANA) for High sticking (Minor) at 1:54, Richard Zednik (WSH) for Boarding (Minor) at 1:54, Mike Van Ryn (ANA) for Hooking (Minor) at 5:25, Bryan Muir (WSH) for Boarding (Minor) at 8:05, Chris Kunitz (ANA) for Tripping (Minor) at 17:22, Richard Zednik (WSH) for Clipping (Minor) at 19:22

Period #3

No Goal

Penalities :
Ladislav Nagy (ANA) for Kneeing (Major) at 3:15, Chris Pronger (ANA) for Boarding (Minor) at 8:20, Teemu Selanne (ANA) for Slashing (Minor) at 14:24, Sean O'Donnell (ANA) for Interference (Minor) at 16:49, Rene Bourque (WSH) for Charging (Double Minor) at 19:47

Goalie Stats

Marty Turco (WSH), 33 saves from 34 shots - (0.971), W, 2-1-0, 60:00 minutes
Ilya Bryzgalov (ANA), 31 saves from 33 shots - (0.939), L, 0-1-0, 60:00 minutes

Players Stats

Capitals
Player Name              G  A  P  +/- PIM S  H  SB FO MP 
-----------------------------------------------------------
Adrian Aucoin            0  0  0  -1  2   1  0  3  0  6  
Alexander Ovechkin       0  0  0   0  0   3  0  0  1  12 
Andrew Cassels           0  0  0   0  0   1  1  0  21 17 
Brian Pothier            0  0  0   1  0   0  0  2  0  25 
Brian Sutherby           0  1  1   1  2   0  1  0  1  8  
Brooks Laich             0  0  0   0  0   3  0  0  19 19 
Bryan Muir               0  0  0   0  2   0  3  2  0  25 
Chris Clark              0  0  0   0  0   2  0  1  4  20 
Dainius Zubrus           0  0  0   0  0   3  0  1  3  23 
Eric Fehr                0  1  1   0  0   4  0  0  1  14 
Ivan Majesky             0  0  0   1  2   0  0  12 0  25 
Matt Pettinger           1  0  1   1  0   3  0  0  8  6  
Oleg Tverdovsky          0  0  0   0  0   1  0  0  0  16 
Patrik Stefan            0  0  0   0  0   3  1  0  2  13 
Rene Bourque             1  0  1   1  4   5  1  1  12 19 
Richard Zednik           0  1  1   0  4   1  2  0  4  17 
Shaone Morrisonn         0  1  1   1  0   1  1  2  0  24 
Trent Hunter             0  0  0   0  0   2  0  0  10 16 
Ducks
Player Name              G  A  P  +/- PIM S  H  SB FO MP 
-----------------------------------------------------------
Andy McDonald            0  0  0   0  0   4  0  0  3  14 
Chris Kunitz             0  0  0  -1  2   0  1  0  1  15 
Chris Pronger            0  0  0   0  2   2  2  0  0  25 
Francois Beauchemin      0  0  0  -1  0   1  1  1  0  24 
Jason Marshall           0  0  0   0  2   1  1  2  0  12 
Jozef Stumpel            0  0  0  -1  0   3  0  0  19 16 
Ladislav Nagy            0  0  0   0  7   4  0  0  0  13 
Matthew Barnaby          0  0  0   0  0   1  0  0  0  5  
Mike Van Ryn             0  0  0   0  2   0  0  2  0  18 
Rob Niedermayer          0  1  1   0  0   2  0  0  1  21 
Ryan Getzlaf             0  0  0   0  0   3  0  0  21 14 
Samuel Pahlsson          1  0  1   0  0   3  0  0  23 20 
Scott Niedermayer        0  0  0  -1  0   1  1  1  0  26 
Sean O'Donnell           0  0  0   0  2   1  0  4  0  20 
Teemu Selanne            0  0  0  -1  2   2  0  0  0  16 
Todd Marchant            0  0  0   0  0   0  0  0  14 13 
Travis Green             0  1  1   0  0   4  0  0  3  20 
Tuomo Ruutu              0  0  0   0  0   2  0  0  1  5  

3 Stars

1 - Marty Turco (WSH)
2 - Ilya Bryzgalov (ANA)
3 - Rene Bourque (WSH)

Power Play

Capitals - 0 on 8 Attempt(s) - 0.00%
Ducks - 0 on 5 Attempt(s) - 0.00%

Penalty Kill

Capitals - 5 on 5 Attempt(s) - 100.00% - Score 0 goal in Penalty Kill
Ducks - 8 on 8 Attempt(s) - 100.00% - Score 0 goal in Penalty Kill

Game Notes

Adrian Aucoin is injured at 4:01 of 2nd period (Knee)

Finance

Level 1 -- Attendance: 4642 (77.36%) -- Ticket Income $464,200.00
Level 2 -- Attendance: 3597 (86.17%) -- Ticket Income $215,820.00
Level 3 -- Attendance: 1869 (93.45%) -- Ticket Income $65,415.00
Level 4 -- Attendance: 3117 (77.92%) -- Ticket Income $62,340.00
Luxury Box -- Attendance: 639 (63.88%) -- Ticket Income $127,800.00
Game was played at the Arrowhead Pond
Total Attendance: 13864 (80.73%)
Total Ticket Income: $986,258.30
Other Expense: $106,478.80
Total Income: $879,779.00


Play by Play

Period #1

0:01 of 1st period - Jozef Stumpel wins face-off versus Andrew Cassels in neutral zone.
0:27 of 1st period - Icing by Chris Kunitz.
0:28 of 1st period - Brooks Laich wins face-off versus Jozef Stumpel in Ducks zone.
1:11 of 1st period - Shot by Ladislav Nagy.
1:11 of 1st period - Shot Misses the Net.
1:16 of 1st period - Shot by Andy McDonald.
1:16 of 1st period - Stopped by Marty Turco with a rebound.
1:21 of 1st period - Shot by Ryan Getzlaf.
1:21 of 1st period - Shot Misses the Net.
1:22 of 1st period - Shot by Mike Van Ryn.
1:22 of 1st period - Stopped by Marty Turco without a rebound.
1:23 of 1st period - Andrew Cassels wins face-off versus Samuel Pahlsson in Capitals zone.
1:34 of 1st period - Shot by Travis Green.
1:34 of 1st period - Stopped by Marty Turco with a rebound.
1:35 of 1st period - Shot by Jason Marshall.
1:35 of 1st period - Shot Misses the Net.
1:38 of 1st period - Shot by Travis Green.
1:38 of 1st period - Stopped by Marty Turco with a rebound.
1:41 of 1st period - Shot by Travis Green.
1:41 of 1st period - Stopped by Marty Turco without a rebound.
1:42 of 1st period - Todd Marchant wins face-off versus Rene Bourque in Capitals zone.
1:51 of 1st period - Shot by Tuomo Ruutu.
1:51 of 1st period - Stopped by Marty Turco without a rebound.
1:51 of 1st period - Minor Penalty to Adrian Aucoin for Hooking.
1:52 of 1st period - Ryan Getzlaf wins face-off versus Trent Hunter in Capitals zone.
1:53 of 1st period - Trent Hunter wins face-off versus Andy McDonald in Capitals zone.
2:20 of 1st period - Shot by Ladislav Nagy.
2:20 of 1st period - Shot Blocked by Ivan Majesky.
2:23 of 1st period - Shot by Ladislav Nagy.
2:23 of 1st period - Stopped by Marty Turco without a rebound.
2:24 of 1st period - Jozef Stumpel wins face-off versus Trent Hunter in Capitals zone.
4:19 of 1st period - Shot by Samuel Pahlsson.
4:19 of 1st period - Shot Misses the Net.
4:20 of 1st period - Shot by Jason Marshall.
4:20 of 1st period - Stopped by Marty Turco with a rebound.
4:28 of 1st period - Off-side.
4:29 of 1st period - Brooks Laich wins face-off versus Todd Marchant in neutral zone.
5:17 of 1st period - Tuomo Ruutu is hit by Shaone Morrisonn and loses puck.
5:31 of 1st period - Shot by Brian Sutherby.
5:31 of 1st period - Shot Blocked by Jason Marshall.
5:34 of 1st period - Shot by Brian Sutherby.
5:34 of 1st period - Goal by Matt Pettinger.
5:35 of 1st period - Ryan Getzlaf wins face-off versus Rene Bourque in neutral zone.
5:52 of 1st period - Shot by Andy McDonald.
5:52 of 1st period - Shot Blocked by Adrian Aucoin.
5:53 of 1st period - Shot by Mike Van Ryn.
5:53 of 1st period - Shot Misses the Net.
5:58 of 1st period - Shot by Ryan Getzlaf.
5:58 of 1st period - Shot Blocked by Rene Bourque.
5:59 of 1st period - Shot by Ladislav Nagy.
5:59 of 1st period - Stopped by Marty Turco without a rebound.
6:00 of 1st period - Andrew Cassels wins face-off versus Samuel Pahlsson in Capitals zone.
6:10 of 1st period - Rob Niedermayer is hit by Andrew Cassels and loses puck.
6:11 of 1st period - Minor Penalty to Brian Sutherby for Charging.
6:12 of 1st period - Trent Hunter wins face-off versus Ryan Getzlaf in neutral zone.
7:19 of 1st period - Shot by Teemu Selanne.
7:19 of 1st period - Shot Misses the Net.
7:22 of 1st period - Shot by Teemu Selanne.
7:22 of 1st period - Stopped by Marty Turco with a rebound.
7:23 of 1st period - Shot by Jozef Stumpel.
7:23 of 1st period - Shot Misses the Net.
7:24 of 1st period - Shot by Jozef Stumpel.
7:24 of 1st period - Shot Misses the Net.
7:25 of 1st period - Shot by Chris Pronger.
7:25 of 1st period - Stopped by Marty Turco without a rebound.
7:26 of 1st period - Richard Zednik wins face-off versus Jozef Stumpel in Capitals zone.
8:47 of 1st period - Shot by Rene Bourque.
8:47 of 1st period - Stopped by Ilya Bryzgalov with a rebound.
8:48 of 1st period - Shot by Adrian Aucoin.
8:48 of 1st period - Shot Misses the Net.
8:49 of 1st period - Shot by Adrian Aucoin.
8:49 of 1st period - Shot Misses the Net.
9:22 of 1st period - Shot by Brooks Laich.
9:22 of 1st period - Stopped by Ilya Bryzgalov without a rebound.
9:23 of 1st period - Andrew Cassels wins face-off versus Ryan Getzlaf in Ducks zone.
10:02 of 1st period - Shot by Andrew Cassels.
10:02 of 1st period - Shot Blocked by Mike Van Ryn.
10:03 of 1st period - Shot by Chris Clark.
10:03 of 1st period - Shot Blocked by Mike Van Ryn.
10:20 of 1st period - Shot by Alexander Ovechkin.
10:20 of 1st period - Stopped by Ilya Bryzgalov without a rebound.
10:21 of 1st period - Brooks Laich wins face-off versus Jozef Stumpel in Ducks zone.
11:40 of 1st period - Shot by Rene Bourque.
11:40 of 1st period - Shot Hit the Post.
11:41 of 1st period - Shot by Oleg Tverdovsky.
11:41 of 1st period - Stopped by Ilya Bryzgalov with a rebound.
11:46 of 1st period - Shot by Eric Fehr.
11:46 of 1st period - Stopped by Ilya Bryzgalov with a rebound.
11:47 of 1st period - Shot by Rene Bourque.
11:47 of 1st period - Stopped by Ilya Bryzgalov without a rebound.
11:48 of 1st period - Ryan Getzlaf wins face-off versus Andrew Cassels in Ducks zone.
12:03 of 1st period - Shot by Patrik Stefan.
12:03 of 1st period - Stopped by Ilya Bryzgalov with a rebound.
12:06 of 1st period - Shot by Andrew Cassels.
12:06 of 1st period - Stopped by Ilya Bryzgalov without a rebound.
12:07 of 1st period - Todd Marchant wins face-off versus Richard Zednik in Ducks zone.
13:34 of 1st period - Shot by Brian Sutherby.
13:34 of 1st period - Shot Misses the Net.
14:34 of 1st period - Minor Penalty to Ivan Majesky for Hooking.
14:35 of 1st period - Ryan Getzlaf wins face-off versus Trent Hunter in Capitals zone.
15:27 of 1st period - Icing by Chris Pronger.
15:28 of 1st period - Chris Clark wins face-off versus Jozef Stumpel in Ducks zone.
15:48 of 1st period - Teemu Selanne is hit by Richard Zednik and loses puck.
16:58 of 1st period - Shot by Travis Green.
16:58 of 1st period - Stopped by Marty Turco without a rebound.
16:59 of 1st period - Tuomo Ruutu wins face-off versus Brooks Laich in Capitals zone.
17:16 of 1st period - Shot by Tuomo Ruutu.
17:16 of 1st period - Shot Misses the Net.
17:21 of 1st period - Shot by Todd Marchant.
17:21 of 1st period - Shot Misses the Net.
17:26 of 1st period - Shot by Matthew Barnaby.
17:26 of 1st period - Stopped by Marty Turco with a rebound.
17:27 of 1st period - Shot by Matthew Barnaby.
17:27 of 1st period - Shot Blocked by Adrian Aucoin.
17:33 of 1st period - Off-side.
17:34 of 1st period - Samuel Pahlsson wins face-off versus Richard Zednik in neutral zone.
17:47 of 1st period - Shot by Travis Green.
17:47 of 1st period - Stopped by Marty Turco with a rebound.
17:48 of 1st period - Shot by Rob Niedermayer.
17:48 of 1st period - Goal by Samuel Pahlsson.
17:49 of 1st period - Samuel Pahlsson wins face-off versus Matt Pettinger in neutral zone.
18:24 of 1st period - Shot by Rene Bourque.
18:24 of 1st period - Stopped by Ilya Bryzgalov without a rebound.
18:25 of 1st period - Jozef Stumpel wins face-off versus Brooks Laich in Ducks zone.
18:36 of 1st period - Shot by Chris Kunitz.
18:36 of 1st period - Shot Blocked by Dainius Zubrus.
19:25 of 1st period - Shot by Adrian Aucoin.
19:25 of 1st period - Stopped by Ilya Bryzgalov without a rebound.
19:26 of 1st period - Ryan Getzlaf wins face-off versus Eric Fehr in Ducks zone.
19:33 of 1st period - Shot by Ladislav Nagy.
19:33 of 1st period - Shot Misses the Net.
19:36 of 1st period - Shot by Ryan Getzlaf.
19:36 of 1st period - Stopped by Marty Turco without a rebound.
19:37 of 1st period - Andrew Cassels wins face-off versus Travis Green in Capitals zone.
19:47 of 1st period - Minor Penalty to Jason Marshall for High sticking.
19:48 of 1st period - Todd Marchant wins face-off versus Andrew Cassels in neutral zone.

Period #2

0:01 of 2nd period - Andrew Cassels wins face-off versus Samuel Pahlsson in neutral zone.
0:17 of 2nd period - Icing by Chris Clark.
0:18 of 2nd period - Andrew Cassels wins face-off versus Todd Marchant in Capitals zone.
0:35 of 2nd period - Shot by Chris Clark.
0:35 of 2nd period - Shot Misses the Net.
0:36 of 2nd period - Shot by Shaone Morrisonn.
0:36 of 2nd period - Shot Misses the Net.
1:54 of 2nd period - Minor Penalty to Ladislav Nagy for High sticking.
1:54 of 2nd period - Minor Penalty to Richard Zednik for Boarding.
1:55 of 2nd period - Jozef Stumpel wins face-off versus Chris Clark in Capitals zone.
2:03 of 2nd period - Teemu Selanne is hit by Bryan Muir and loses puck.
3:17 of 2nd period - Shot by Ryan Getzlaf.
3:17 of 2nd period - Shot Blocked by Brian Pothier.
3:20 of 2nd period - Shot by Andy McDonald.
3:20 of 2nd period - Shot Misses the Net.
3:21 of 2nd period - Shot by Francois Beauchemin.
3:21 of 2nd period - Stopped by Marty Turco without a rebound.
3:22 of 2nd period - Jozef Stumpel wins face-off versus Trent Hunter in Capitals zone.
3:37 of 2nd period - Shot by Trent Hunter.
3:37 of 2nd period - Stopped by Ilya Bryzgalov without a rebound.
3:38 of 2nd period - Patrik Stefan wins face-off versus Ryan Getzlaf in Ducks zone.
3:55 of 2nd period - Shot by Patrik Stefan.
3:55 of 2nd period - Shot Misses the Net.
4:00 of 2nd period - Shot by Samuel Pahlsson.
4:00 of 2nd period - Stopped by Marty Turco with a rebound.
4:01 of 2nd period - Shot by Jason Marshall.
4:01 of 2nd period - Shot Blocked by Adrian Aucoin.
4:01 of 2nd period - Adrian Aucoin from Capitals is injured at 4:01 of 2nd period (Knee).
4:02 of 2nd period - Samuel Pahlsson wins face-off versus Rene Bourque in Capitals zone.
4:40 of 2nd period - Richard Zednik is hit by Jason Marshall and loses puck.
4:44 of 2nd period - Shot by Eric Fehr.
4:44 of 2nd period - Stopped by Ilya Bryzgalov without a rebound.
4:45 of 2nd period - Brooks Laich wins face-off versus Jozef Stumpel in Ducks zone.
4:48 of 2nd period - Shot by Dainius Zubrus.
4:48 of 2nd period - Stopped by Ilya Bryzgalov with a rebound.
5:13 of 2nd period - Shot by Teemu Selanne.
5:13 of 2nd period - Shot Blocked by Ivan Majesky.
5:14 of 2nd period - Shot by Scott Niedermayer.
5:14 of 2nd period - Shot Misses the Net.
5:17 of 2nd period - Shot by Chris Kunitz.
5:17 of 2nd period - Stopped by Marty Turco without a rebound.
5:18 of 2nd period - Ryan Getzlaf wins face-off versus Matt Pettinger in Capitals zone.
5:24 of 2nd period - Brian Sutherby is hit by Chris Pronger and loses puck.
5:25 of 2nd period - Minor Penalty to Mike Van Ryn for Hooking.
5:26 of 2nd period - Andrew Cassels wins face-off versus Todd Marchant in neutral zone.
7:11 of 2nd period - Shot by Trent Hunter.
7:11 of 2nd period - Stopped by Ilya Bryzgalov without a rebound.
7:12 of 2nd period - Todd Marchant wins face-off versus Andrew Cassels in Ducks zone.
7:51 of 2nd period - Shot by Rene Bourque.
7:51 of 2nd period - Shot Misses the Net.
7:55 of 2nd period - Icing by Ryan Getzlaf.
7:56 of 2nd period - Brooks Laich wins face-off versus Ryan Getzlaf in Ducks zone.
8:01 of 2nd period - Shot by Alexander Ovechkin.
8:01 of 2nd period - Stopped by Ilya Bryzgalov with a rebound.
8:05 of 2nd period - Minor Penalty to Bryan Muir for Boarding.
8:06 of 2nd period - Jozef Stumpel wins face-off versus Trent Hunter in Ducks zone.
8:15 of 2nd period - Shot by Dainius Zubrus.
8:15 of 2nd period - Stopped by Ilya Bryzgalov with a rebound.
8:47 of 2nd period - Off-side.
8:48 of 2nd period - Ryan Getzlaf wins face-off versus Trent Hunter in neutral zone.
10:03 of 2nd period - Shot by Teemu Selanne.
10:03 of 2nd period - Shot Misses the Net.
10:06 of 2nd period - Shot by Rob Niedermayer.
10:06 of 2nd period - Shot Misses the Net.
10:11 of 2nd period - Shot by Brian Sutherby.
10:11 of 2nd period - Shot Misses the Net.
10:14 of 2nd period - Shot by Matt Pettinger.
10:14 of 2nd period - Shot Blocked by Sean O'Donnell.
10:17 of 2nd period - Shot by Matt Pettinger.
10:17 of 2nd period - Shot Blocked by Sean O'Donnell.
10:20 of 2nd period - Shot by Rene Bourque.
10:20 of 2nd period - Shot Blocked by Sean O'Donnell.
10:25 of 2nd period - Shot by Matt Pettinger.
10:25 of 2nd period - Stopped by Ilya Bryzgalov without a rebound.
10:26 of 2nd period - Todd Marchant wins face-off versus Brooks Laich in Ducks zone.
11:29 of 2nd period - Shot by Eric Fehr.
11:29 of 2nd period - Stopped by Ilya Bryzgalov with a rebound.
11:32 of 2nd period - Shot by Eric Fehr.
11:32 of 2nd period - Shot Misses the Net.
11:37 of 2nd period - Shot by Andrew Cassels.
11:37 of 2nd period - Stopped by Ilya Bryzgalov without a rebound.
11:38 of 2nd period - Matt Pettinger wins face-off versus Andy McDonald in Ducks zone.
11:42 of 2nd period - Icing by Andy McDonald.
11:43 of 2nd period - Matt Pettinger wins face-off versus Ryan Getzlaf in Ducks zone.
11:45 of 2nd period - Rene Bourque is hit by Francois Beauchemin and loses puck.
11:50 of 2nd period - Off-side.
11:51 of 2nd period - Samuel Pahlsson wins face-off versus Matt Pettinger in neutral zone.
12:14 of 2nd period - Shot by Rob Niedermayer.
12:14 of 2nd period - Stopped by Marty Turco without a rebound.
12:15 of 2nd period - Brooks Laich wins face-off versus Ryan Getzlaf in Capitals zone.
12:17 of 2nd period - Dainius Zubrus is hit by Chris Pronger and loses puck.
12:25 of 2nd period - Shot by Alexander Ovechkin.
12:25 of 2nd period - Stopped by Ilya Bryzgalov without a rebound.
12:26 of 2nd period - Jozef Stumpel wins face-off versus Rene Bourque in Ducks zone.
13:18 of 2nd period - Off-side.
13:19 of 2nd period - Samuel Pahlsson wins face-off versus Alexander Ovechkin in neutral zone.
13:30 of 2nd period - Shot by Rob Niedermayer.
13:30 of 2nd period - Stopped by Marty Turco without a rebound.
13:31 of 2nd period - Ryan Getzlaf wins face-off versus Dainius Zubrus in Capitals zone.
13:43 of 2nd period - Off-side.
13:44 of 2nd period - Andrew Cassels wins face-off versus Samuel Pahlsson in neutral zone.
14:00 of 2nd period - Travis Green is hit by Patrik Stefan and loses puck.
14:10 of 2nd period - Shot by Travis Green.
14:10 of 2nd period - Shot Blocked by Brian Pothier.
14:13 of 2nd period - Shot by Samuel Pahlsson.
14:13 of 2nd period - Shot Blocked by Shaone Morrisonn.
14:32 of 2nd period - Shot by Samuel Pahlsson.
14:32 of 2nd period - Shot Blocked by Chris Clark.
15:18 of 2nd period - Andy McDonald is hit by Bryan Muir and loses puck.
15:28 of 2nd period - Shot by Andy McDonald.
15:28 of 2nd period - Stopped by Marty Turco without a rebound.
15:29 of 2nd period - Rene Bourque wins face-off versus Jozef Stumpel in Capitals zone.
15:46 of 2nd period - Shot by Rene Bourque.
15:46 of 2nd period - Goal by Rene Bourque.
15:47 of 2nd period - Todd Marchant wins face-off versus Brooks Laich in neutral zone.
15:51 of 2nd period - Off-side.
15:52 of 2nd period - Jozef Stumpel wins face-off versus Rene Bourque in neutral zone.
16:02 of 2nd period - Richard Zednik is hit by Chris Kunitz and loses puck.
16:04 of 2nd period - Shot by Oleg Tverdovsky.
16:04 of 2nd period - Stopped by Ilya Bryzgalov without a rebound.
16:05 of 2nd period - Brooks Laich wins face-off versus Samuel Pahlsson in Ducks zone.
16:12 of 2nd period - Shot by Brooks Laich.
16:12 of 2nd period - Stopped by Ilya Bryzgalov without a rebound.
16:13 of 2nd period - Rene Bourque wins face-off versus Ryan Getzlaf in Ducks zone.
16:31 of 2nd period - Off-side.
16:32 of 2nd period - Jozef Stumpel wins face-off versus Brooks Laich in neutral zone.
17:00 of 2nd period - Dainius Zubrus is hit by Scott Niedermayer and loses puck.
17:08 of 2nd period - Shot by Brooks Laich.
17:08 of 2nd period - Shot Misses the Net.
17:22 of 2nd period - Minor Penalty to Chris Kunitz for Tripping.
17:23 of 2nd period - Samuel Pahlsson wins face-off versus Andrew Cassels in Ducks zone.
17:42 of 2nd period - Shot by Chris Clark.
17:42 of 2nd period - Shot Misses the Net.
17:45 of 2nd period - Shot by Chris Clark.
17:45 of 2nd period - Stopped by Ilya Bryzgalov without a rebound.
17:46 of 2nd period - Andrew Cassels wins face-off versus Samuel Pahlsson in Ducks zone.
18:53 of 2nd period - Shot by Dainius Zubrus.
18:53 of 2nd period - Shot Misses the Net.
19:04 of 2nd period - Shot by Travis Green.
19:04 of 2nd period - Shot Blocked by Ivan Majesky.
19:09 of 2nd period - Shot by Travis Green.
19:09 of 2nd period - Shot Blocked by Ivan Majesky.
19:10 of 2nd period - Shot by Sean O'Donnell.
19:10 of 2nd period - Stopped by Marty Turco with a rebound.
19:11 of 2nd period - Shot by Chris Pronger.
19:11 of 2nd period - Stopped by Marty Turco without a rebound.
19:12 of 2nd period - Andrew Cassels wins face-off versus Samuel Pahlsson in Capitals zone.
19:22 of 2nd period - Minor Penalty to Richard Zednik for Clipping.
19:23 of 2nd period - Ryan Getzlaf wins face-off versus Trent Hunter in Ducks zone.
19:40 of 2nd period - Shot by Ladislav Nagy.
19:40 of 2nd period - Stopped by Marty Turco without a rebound.
19:41 of 2nd period - Jozef Stumpel wins face-off versus Chris Clark in Capitals zone.
19:54 of 2nd period - Shot by Jozef Stumpel.
19:54 of 2nd period - Shot Blocked by Ivan Majesky.
19:55 of 2nd period - Shot by Chris Pronger.
19:55 of 2nd period - Shot Misses the Net.
19:56 of 2nd period - Shot by Jozef Stumpel.
19:56 of 2nd period - Shot Misses the Net.
19:59 of 2nd period - Shot by Teemu Selanne.
19:59 of 2nd period - Stopped by Marty Turco without a rebound.

Period #3

0:01 of 3rd period - Jozef Stumpel wins face-off versus Dainius Zubrus in neutral zone.
0:46 of 3rd period - Shot by Teemu Selanne.
0:46 of 3rd period - Shot Misses the Net.
0:49 of 3rd period - Shot by Teemu Selanne.
0:49 of 3rd period - Shot Misses the Net.
1:16 of 3rd period - Shot by Ladislav Nagy.
1:16 of 3rd period - Stopped by Marty Turco without a rebound.
1:17 of 3rd period - Trent Hunter wins face-off versus Ryan Getzlaf in Capitals zone.
1:25 of 3rd period - Rob Niedermayer is hit by Richard Zednik and loses puck.
1:30 of 3rd period - Icing by Eric Fehr.
1:31 of 3rd period - Rob Niedermayer wins face-off versus Rene Bourque in Capitals zone.
1:47 of 3rd period - Icing by Travis Green.
1:48 of 3rd period - Samuel Pahlsson wins face-off versus Matt Pettinger in Ducks zone.
1:54 of 3rd period - Rob Niedermayer is hit by Brian Sutherby and loses puck.
2:25 of 3rd period - Off-side.
2:26 of 3rd period - Brooks Laich wins face-off versus Jozef Stumpel in neutral zone.
2:33 of 3rd period - Shot by Brooks Laich.
2:33 of 3rd period - Shot Misses the Net.
2:38 of 3rd period - Shot by Jozef Stumpel.
2:38 of 3rd period - Stopped by Marty Turco without a rebound.
2:39 of 3rd period - Rene Bourque wins face-off versus Ryan Getzlaf in Capitals zone.
3:15 of 3rd period - Major Penalty to Ladislav Nagy for Kneeing.
3:16 of 3rd period - Brooks Laich wins face-off versus Todd Marchant in neutral zone.
3:31 of 3rd period - Shot by Brooks Laich.
3:31 of 3rd period - Stopped by Ilya Bryzgalov with a rebound.
3:32 of 3rd period - Shot by Bryan Muir.
3:32 of 3rd period - Shot Misses the Net.
3:33 of 3rd period - Shot by Bryan Muir.
3:33 of 3rd period - Shot Misses the Net.
3:51 of 3rd period - Off-side.
3:52 of 3rd period - Andrew Cassels wins face-off versus Samuel Pahlsson in neutral zone.
4:25 of 3rd period - Shot by Chris Clark.
4:25 of 3rd period - Shot Misses the Net.
4:26 of 3rd period - Shot by Brian Pothier.
4:26 of 3rd period - Shot Blocked by Francois Beauchemin.
4:27 of 3rd period - Shot by Trent Hunter.
4:27 of 3rd period - Shot Blocked by Sean O'Donnell.
4:51 of 3rd period - Icing by Dainius Zubrus.
4:52 of 3rd period - Brooks Laich wins face-off versus Samuel Pahlsson in Capitals zone.
5:55 of 3rd period - Shot by Rob Niedermayer.
5:55 of 3rd period - Shot Blocked by Shaone Morrisonn.
5:56 of 3rd period - Shot by Scott Niedermayer.
5:56 of 3rd period - Stopped by Marty Turco without a rebound.
5:57 of 3rd period - Travis Green wins face-off versus Richard Zednik in Capitals zone.
6:07 of 3rd period - Icing by Andrew Cassels.
6:08 of 3rd period - Andrew Cassels wins face-off versus Samuel Pahlsson in Capitals zone.
6:19 of 3rd period - Shot by Richard Zednik.
6:19 of 3rd period - Stopped by Ilya Bryzgalov without a rebound.
6:20 of 3rd period - Brooks Laich wins face-off versus Todd Marchant in Ducks zone.
7:26 of 3rd period - Off-side.
7:27 of 3rd period - Samuel Pahlsson wins face-off versus Brooks Laich in neutral zone.
7:48 of 3rd period - Shot by Trent Hunter.
7:48 of 3rd period - Shot Misses the Net.
8:20 of 3rd period - Minor Penalty to Chris Pronger for Boarding.
8:21 of 3rd period - Todd Marchant wins face-off versus Andrew Cassels in Ducks zone.
11:18 of 3rd period - Shot by Jozef Stumpel.
11:18 of 3rd period - Shot Blocked by Ivan Majesky.
11:22 of 3rd period - Jozef Stumpel is hit by Bryan Muir and loses puck.
11:28 of 3rd period - Shot by Jozef Stumpel.
11:28 of 3rd period - Shot Blocked by Bryan Muir.
11:31 of 3rd period - Shot by Chris Kunitz.
11:31 of 3rd period - Shot Blocked by Ivan Majesky.
11:32 of 3rd period - Shot by Teemu Selanne.
11:32 of 3rd period - Shot Blocked by Ivan Majesky.
11:39 of 3rd period - Shot by Chris Kunitz.
11:39 of 3rd period - Shot Misses the Net.
11:52 of 3rd period - Shot by Travis Green.
11:52 of 3rd period - Shot Blocked by Bryan Muir.
11:53 of 3rd period - Shot by Jason Marshall.
11:53 of 3rd period - Shot Misses the Net.
11:54 of 3rd period - Shot by Jason Marshall.
11:54 of 3rd period - Shot Misses the Net.
12:01 of 3rd period - Shot by Rob Niedermayer.
12:01 of 3rd period - Shot Hit the Post.
12:04 of 3rd period - Shot by Samuel Pahlsson.
12:04 of 3rd period - Shot Misses the Net.
12:09 of 3rd period - Shot by Travis Green.
12:09 of 3rd period - Shot Blocked by Ivan Majesky.
12:10 of 3rd period - Shot by Sean O'Donnell.
12:10 of 3rd period - Shot Blocked by Ivan Majesky.
12:11 of 3rd period - Shot by Sean O'Donnell.
12:11 of 3rd period - Shot Blocked by Ivan Majesky.
12:14 of 3rd period - Shot by Rob Niedermayer.
12:14 of 3rd period - Shot Misses the Net.
12:15 of 3rd period - Shot by Jason Marshall.
12:15 of 3rd period - Shot Blocked by Ivan Majesky.
12:46 of 3rd period - Shot by Todd Marchant.
12:46 of 3rd period - Shot Misses the Net.
12:47 of 3rd period - Shot by Jozef Stumpel.
12:47 of 3rd period - Stopped by Marty Turco with a rebound.
12:48 of 3rd period - Shot by Jozef Stumpel.
12:48 of 3rd period - Shot Misses the Net.
12:49 of 3rd period - Shot by Jozef Stumpel.
12:49 of 3rd period - Stopped by Marty Turco without a rebound.
12:50 of 3rd period - Ryan Getzlaf wins face-off versus Brian Sutherby in Capitals zone.
12:54 of 3rd period - Ladislav Nagy is hit by Rene Bourque and loses puck.
12:58 of 3rd period - Shot by Ryan Getzlaf.
12:58 of 3rd period - Stopped by Marty Turco without a rebound.
12:59 of 3rd period - Andy McDonald wins face-off versus Matt Pettinger in Capitals zone.
13:03 of 3rd period - Icing by Brian Sutherby.
13:04 of 3rd period - Matt Pettinger wins face-off versus Ryan Getzlaf in Capitals zone.
13:17 of 3rd period - Shot by Rene Bourque.
13:17 of 3rd period - Shot Misses the Net.
13:20 of 3rd period - Shot by Matt Pettinger.
13:20 of 3rd period - Stopped by Ilya Bryzgalov without a rebound.
13:21 of 3rd period - Samuel Pahlsson wins face-off versus Andrew Cassels in Ducks zone.
13:50 of 3rd period - Shot by Andrew Cassels.
13:50 of 3rd period - Shot Blocked by Jason Marshall.
13:51 of 3rd period - Shot by Shaone Morrisonn.
13:51 of 3rd period - Stopped by Ilya Bryzgalov without a rebound.
13:52 of 3rd period - Rene Bourque wins face-off versus Chris Kunitz in Ducks zone.
13:59 of 3rd period - Shot by Eric Fehr.
13:59 of 3rd period - Stopped by Ilya Bryzgalov without a rebound.
14:00 of 3rd period - Rene Bourque wins face-off versus Jozef Stumpel in Ducks zone.
14:24 of 3rd period - Minor Penalty to Teemu Selanne for Slashing.
14:25 of 3rd period - Patrik Stefan wins face-off versus Samuel Pahlsson in Ducks zone.
14:40 of 3rd period - Shot by Patrik Stefan.
14:40 of 3rd period - Shot Hit the Post.
14:41 of 3rd period - Shot by Patrik Stefan.
14:41 of 3rd period - Stopped by Ilya Bryzgalov without a rebound.
14:42 of 3rd period - Todd Marchant wins face-off versus Brooks Laich in Ducks zone.
15:13 of 3rd period - Shot by Dainius Zubrus.
15:13 of 3rd period - Stopped by Ilya Bryzgalov without a rebound.
15:14 of 3rd period - Todd Marchant wins face-off versus Andrew Cassels in Ducks zone.
16:03 of 3rd period - Shot by Patrik Stefan.
16:03 of 3rd period - Shot Blocked by Scott Niedermayer.
16:06 of 3rd period - Shot by Patrik Stefan.
16:06 of 3rd period - Stopped by Ilya Bryzgalov without a rebound.
16:07 of 3rd period - Travis Green wins face-off versus Brooks Laich in Ducks zone.
16:21 of 3rd period - Icing by Dainius Zubrus.
16:22 of 3rd period - Samuel Pahlsson wins face-off versus Dainius Zubrus in Capitals zone.
16:29 of 3rd period - Shot by Ryan Getzlaf.
16:29 of 3rd period - Stopped by Marty Turco with a rebound.
16:34 of 3rd period - Shot by Andy McDonald.
16:34 of 3rd period - Stopped by Marty Turco without a rebound.
16:35 of 3rd period - Samuel Pahlsson wins face-off versus Rene Bourque in Capitals zone.
16:49 of 3rd period - Minor Penalty to Sean O'Donnell for Interference.
16:50 of 3rd period - Andrew Cassels wins face-off versus Samuel Pahlsson in Ducks zone.
17:09 of 3rd period - Shot by Chris Clark.
17:09 of 3rd period - Shot Misses the Net.
18:52 of 3rd period - Shot by Eric Fehr.
18:52 of 3rd period - Shot Misses the Net.
19:19 of 3rd period - Shot by Rene Bourque.
19:19 of 3rd period - Shot Misses the Net.
19:32 of 3rd period - Ducks,Ilya Bryzgalov is pulled from the net.
19:47 of 3rd period - Double Minor Penalty to Rene Bourque for Charging.
19:48 of 3rd period - Ryan Getzlaf wins face-off versus Chris Clark in Capitals zone.


Output by the STHS for Stephane Roy -- Original Page W3C XHTML 1.0 Valid